Map: Rhoskallian LE

Players

ELRACATACA - Winner!

  • Race: Zerg Zerg
  • Spawn Location: 6:00

Frustrated - Winner!

  • Race: Terran Terran
  • League: Master
  • Spawn Location: 5:00

DrBoyke

  • Race: Terran Terran
  • Spawn Location: 12:00

Snooze

  • Race: Terran Terran
  • Spawn Location: 11:00

VOD

Have the link to the VOD?

Description

Time

  • Played on: March 2, 2021, 4:25 a.m.
  • Length: 28:24
Show
View Real Time Build Order
Export as new Build Order

ELRACATACA Zerg - Winner!

Build Orders: Pool First 

Get SALT Encoding   

  12  0:03  Drone  
  13  0:13  Overlord  
  13  0:33  Drone  
  13  0:34  Drone x2  
  16  0:48  Drone  
  17  0:52  Extractor  
  17  0:55  Spawning Pool  
  15  1:05  Overlord  
  15  1:08  Drone  
  16  1:24  Extractor  
  16  1:25  Drone  
  16  1:42  Queen  
  16  1:46  Drone x2  
  20  1:57  Overlord  
  20  2:13  Drone x2  
  22  2:30  Drone  
  23  2:39  Lair  
  23  2:59  Hatchery  
  23  3:02  Zergling x10  
  27  3:26  Baneling Nest  
  26  3:34  Metabolic Boost  
  26  3:40  Queen  
  28  3:42  Drone  
  28  3:43  Drone x2  
  31  3:51  Spire  
  30  3:57  Overlord  
  30  4:34  Queen  
  30  4:36  Drone x3  
  35  4:50  Baneling  
  35  4:51  Baneling x8  
  35  4:52  Baneling  
  35  5:10  Queen  
  35  5:14  Mutalisk x3  
  37  5:16  Overlord x3  
  43  5:24  Overlord  
  43  5:32  Extractor  
  37  6:30  Mutalisk x3  
  43  6:44  Infestation Pit  
  42  6:51  Zerg Flyer Weapons Level 1  
  42  6:56  Mutalisk x2  
  46  7:05  Drone x3  
  46  7:06  Drone x6  
  53  8:51  Extractor  
  52  9:00  Hydralisk Den  
  51  9:31  Corruptor x3  
  57  10:18  Mutalisk x6  
  57  10:19  Mutalisk x3  
  75  11:23  Overlord  
  75  11:24  Overlord x5  
  75  11:32  Drone  
  76  13:04  Mutalisk  
  76  13:05  Mutalisk x6  
  90  13:16  Zerg Flyer Weapons Level 2  
  90  13:23  Overseer  
  90  13:47  Hatchery  
  89  13:55  Mutalisk x2  
  89  13:56  Mutalisk x4, Hatchery  
  100  14:33  Mutalisk x2  
  100  14:34  Mutalisk x4  
  112  14:47  Overlord x3, Corruptor  
  112  14:48  Overlord x2  
  114  15:27  Queen  
  116  15:30  Queen  
  116  15:32  Drone  
  116  15:33  Drone x2  
  121  15:40  Mutalisk x4  
  121  15:41  Mutalisk x4  
  137  15:59  Corruptor x5  
  137  16:03  Queen  
  149  16:06  Queen  
  149  16:39  Queen  
  151  16:43  Overlord x6  
  151  16:50  Queen  
  141  17:26  Queen  
  143  18:00  Drone x3  
  146  18:08  Mutalisk x2  
  146  18:09  Mutalisk x4  
  158  18:18  Mutalisk x2  
  162  18:27  Hatchery  
  162  18:29  Hatchery  
  106  20:13  Mutalisk x4  
  106  20:14  Mutalisk x2  
  118  20:22  Extractor  
  118  20:24  Extractor  
  118  20:25  Extractor  
  118  20:26  Drone x3, Extractor  
  118  20:27  Drone  
  118  20:30  Drone x3  
  107  22:10  Drone  
  107  22:11  Drone x2  
  110  22:35  Zerg Flyer Armor Level 1  
  110  22:54  Drone x3  
  110  22:55  Drone x2  
  110  22:57  Drone  
  110  22:58  Drone x7  
  107  24:38  Mutalisk x7  
  107  24:39  Mutalisk  
  107  24:41  Mutalisk x4  
  129  26:06  Mutalisk x2  
  129  26:07  Mutalisk  
Show
View Real Time Build Order
Export as new Build Order

Frustrated Terran - Winner!

Build Orders:  

Get SALT Encoding   

  12  0:14  Refinery  
  12  0:19  Refinery  
  12  0:31  Supply Depot  
  12  0:32  SCV  
  13  0:45  SCV  
  14  0:57  SCV  
  15  1:09  SCV  
  16  1:21  SCV  
  17  1:26  Barracks  
  17  2:13  Barracks Tech Lab  
  17  2:17  Command Center  
  17  2:57  Marine  
  18  3:00  Combat Shield  
  18  3:15  Marine  
  19  3:26  Factory  
  19  3:32  Marine  
  20  3:36  Supply Depot  
  20  3:50  Marine  
  21  4:08  Marine  
  22  4:19  Stimpack  
  22  4:26  Marine  
  22  5:00  SCV  
  23  5:12  SCV  
  24  5:21  Orbital Command  
  24  5:24  SCV  
  25  5:28  Supply Depot  
  25  5:32  Starport  
  25  5:36  SCV  
  25  5:41  Marine  
  27  5:48  SCV  
  28  5:50  Factory Tech Lab  
  28  5:59  Marine  
  28  6:02  Supply Depot  
  29  6:12  Medivac  
  29  6:17  Marine  
  32  6:30  Armory  
  32  6:35  Marine  
  33  6:42  Medivac  
  33  6:44  Ghost Academy  
  35  6:53  Marine  
  36  7:12  Medivac  
  38  7:19  Hellbat  
  40  7:41  Hellbat  
  40  7:42  Medivac  
  44  7:54  Nuke  
  44  7:59  Ghost  
  44  8:02  Hellbat  
  48  8:16  Supply Depot  
  48  8:23  Hellbat  
  50  8:27  Ghost  
  52  8:45  Hellbat  
  54  10:20  SCV  
  55  10:24  Ghost  
  55  10:28  Enhanced Shockwaves  
  57  10:32  SCV  
  58  10:35  Ghost Academy  
  58  10:42  Terran Ship Weapons Level 1  
  58  10:44  SCV  
  58  10:47  Hellbat  
  61  10:50  Medivac  
  61  10:53  Ghost  
  61  10:56  SCV  
  65  11:06  Ghost Academy  
  65  11:08  Hellbat, SCV  
  68  11:21  Ghost  
  70  11:31  Orbital Command  
  70  11:46  Personal Cloaking  
  70  11:47  Supply Depot  
  70  11:50  Ghost, Medivac  
  70  11:52  Hellbat  
  76  12:13  Hellbat  
  78  12:18  Ghost  
  78  12:19  Nuke  
  78  12:20  Medivac  
  78  12:22  Nuke  
  82  12:37  Terran Vehicle Weapons Level 1  
  82  12:47  Ghost  
  82  13:16  Ghost  
  82  13:18  Medivac  
  86  13:27  Supply Depot  
  86  13:44  Ghost  
  86  13:48  Medivac  
  90  13:53  Supply Depot  
  90  13:56  Hellbat  
  92  14:06  Refinery  
  92  14:13  Ghost  
  94  14:17  Hellbat  
  96  14:26  Medivac  
  96  14:31  Terran Vehicle And Ship Armor Level 1  
  98  14:39  Hellbat  
  98  14:41  Ghost  
  102  14:50  Barracks  
  102  15:00  Hellbat  
  104  15:10  Ghost  
  106  15:21  Hellbat  
  108  15:38  Ghost  
  110  15:43  Hellbat  
  112  16:07  Ghost  
  112  16:10  Refinery  
  114  16:44  Marine  
  115  17:02  Marine  
  116  17:12  Ghost, Supply Depot  
  118  17:19  Marine  
  119  17:37  Marine  
  119  17:41  Ghost  
  119  17:43  Infernal Pre-Igniter  
  122  17:49  Supply Depot  
  122  17:55  Marine  
  122  17:56  Hellbat  
  125  18:09  Ghost  
  127  18:13  Marine  
  127  18:17  Hellbat  
  130  18:31  Marine  
  131  18:38  Ghost  
  131  18:39  Hellbat  
  135  18:48  Marine  
  136  19:00  Hellbat  
  138  19:06  Supply Depot, Marine  
  139  19:21  Hellbat  
  139  19:23  Orbital Command  
  141  19:27  Ghost  
  143  19:39  Supply Depot  
  143  19:43  Hellbat  
  145  19:50  Orbital Command  
  145  19:55  Ghost  
  147  20:04  Hellbat  
  149  20:12  Supply Depot  
  149  20:24  Ghost  
  151  20:51  Orbital Command  
  151  21:04  Supply Depot  
  151  21:17  Ghost  
  153  21:21  Marine  
  153  21:25  Hellbat  
  156  21:39  Marine  
  157  21:45  Ghost  
  157  21:46  Hellbat  
  161  21:52  Refinery  
  161  21:57  SCV, Marine  
  163  22:08  Hellbat  
  165  22:09  SCV  
  165  22:14  Ghost, Marine  
  169  22:21  SCV  
  170  22:29  Hellbat  
  172  22:32  Marine  
  172  22:33  SCV  
  174  22:45  SCV  
  174  22:48  Refinery  
  174  22:51  Hellbat  
  158  25:21  Nuke  
  158  26:37  Viking  
  160  27:07  Viking  
  162  27:37  Viking  
Show
View Real Time Build Order
Export as new Build Order

DrBoyke Terran 

Build Orders:  

Get SALT Encoding   

  12  0:14  SCV  
  13  0:26  SCV  
  13  0:28  Supply Depot  
  14  0:45  Refinery  
  14  1:07  Barracks  
  14  1:10  SCV  
  15  1:22  SCV  
  16  1:28  Engineering Bay  
  16  1:35  SCV  
  18  1:47  SCV  
  18  1:58  Refinery  
  18  1:59  SCV  
  19  2:06  Bunker  
  19  2:11  Supply Depot  
  19  2:14  Barracks Tech Lab  
  19  2:28  Ghost Academy  
  19  2:34  SCV  
  20  2:43  Missile Turret  
  20  2:46  SCV  
  21  2:58  SCV  
  21  3:05  Factory  
  22  3:08  Marauder  
  22  3:10  SCV  
  22  3:12  Combat Shield  
  25  3:22  SCV  
  26  3:29  Marauder  
  28  3:51  Marauder  
  30  3:55  Missile Turret  
  30  4:01  Command Center  
  30  4:09  Bunker  
  30  4:16  Marine  
  31  4:26  Refinery  
  31  5:01  Missile Turret  
  31  5:11  Factory Tech Lab  
  31  5:12  Marine  
  32  5:19  SCV  
  33  5:28  Barracks  
  33  5:31  SCV  
  34  5:42  Starport  
  34  5:43  SCV  
  32  6:05  SCV  
  33  6:17  SCV  
  34  6:19  Barracks Reactor  
  34  6:28  Factory  
  34  6:29  SCV  
  35  6:41  SCV  
  35  6:44  Personal Cloaking  
  36  6:48  Starport Tech Lab  
  36  6:53  SCV  
  37  7:00  Armory  
  37  7:06  Refinery  
  37  7:10  SCV  
  38  7:23  SCV  
  38  7:24  Widow Mine  
  41  7:31  Viking  
  41  7:36  SCV  
  41  7:46  Widow Mine  
  41  7:48  SCV  
  41  7:59  Missile Turret  
  41  8:01  Viking  
  42  8:07  Widow Mine  
  42  8:09  Enhanced Shockwaves, Missile Turret  
  39  8:24  SCV  
  40  8:28  Widow Mine  
  42  8:34  Supply Depot  
  42  8:35  Supply Depot  
  42  8:36  SCV  
  42  8:40  Missile Turret  
  43  8:48  SCV  
  44  9:00  Reaper x2  
  46  9:32  Reaper x2  
  46  9:33  Supply Depot  
  46  9:35  Viking  
  50  9:51  SCV  
  51  10:03  SCV  
  51  10:04  Reaper x2  
  54  10:15  SCV  
  55  10:27  SCV  
  56  10:37  Viking  
  56  10:39  SCV  
  59  11:04  Orbital Command  
  59  11:07  Viking  
  61  11:16  Command Center  
  61  11:37  Viking  
  63  11:44  Missile Turret  
  63  11:49  Infernal Pre-Igniter  
  63  11:58  Stimpack  
  63  12:07  Viking  
  60  13:08  Mag-Field Accelerator  
  60  13:17  Factory Tech Lab  
  60  13:21  Thor  
  66  13:30  Viking  
  68  13:38  Concussive Shells  
  68  13:41  Supply Depot  
  68  14:00  Viking  
  70  14:04  Thor  
  76  14:10  SCV  
  77  14:22  SCV  
  78  14:42  Nuke  
  78  14:48  Drilling Claws  
  78  15:00  Supply Depot  
  78  15:09  Supply Depot  
  78  15:15  Missile Turret  
  78  15:21  Thor  
  78  15:22  SCV  
  85  15:30  Thor  
  85  15:32  Command Center  
  91  15:55  Supply Depot  
  91  15:58  Supply Depot  
  91  16:06  Smart Servos  
  91  16:16  Thor  
  97  16:19  Thor  
  103  16:37  Missile Turret  
  84  17:02  Hellbat  
  85  17:24  Hellbat  
  87  17:40  Viking  
  89  17:45  Hellbat  
  91  17:58  Starport  
  91  18:06  Hellbat  
  91  18:09  Factory Tech Lab  
  91  18:10  Viking  
  95  18:13  Factory Tech Lab  
  95  18:30  Command Center  
  95  18:40  Viking  
  97  18:43  SCV  
  98  18:55  SCV  
  99  19:08  SCV  
  100  19:10  Starport Reactor, Viking  
  100  19:15  Missile Turret  
  92  19:39  Supply Depot  
  92  19:43  Supply Depot  
  92  19:46  Supply Depot  
  88  20:07  SCV, Viking x3  
  94  20:20  SCV  
  94  20:25  Supply Depot  
  94  20:36  Missile Turret  
  94  20:38  Supply Depot  
  94  20:46  Viking x3  
  94  20:48  Missile Turret  
  100  21:16  Viking x3  
  90  21:43  Thor  
  90  21:46  Viking x2  
  98  22:16  Viking  
  100  22:46  Viking  
  102  23:01  Orbital Command  
  102  23:16  Viking  
  94  23:46  Viking  
  50  24:16  Viking  
  19  24:41  Viking x2  
  12  24:46  Viking  
  8  25:11  Viking x2  
  12  25:16  Viking  
  1  27:28  Supply Depot  
  1  28:13  Barracks  
Show
View Real Time Build Order
Export as new Build Order

Snooze Terran 

Build Orders:  

Get SALT Encoding   

  12  0:01  SCV  
  13  0:18  Supply Depot  
  13  0:25  SCV  
  14  0:37  SCV  
  14  0:42  Barracks  
  15  0:49  Refinery  
  15  0:52  SCV  
  16  1:04  SCV  
  17  1:21  SCV  
  18  1:27  Refinery  
  18  1:33  SCV  
  19  1:55  Factory  
  19  2:07  SCV  
  20  2:44  Starport  
  20  2:49  Barracks Reactor  
  20  3:19  Hellion  
  22  3:24  Starport  
  22  3:30  Marine  
  23  4:03  Supply Depot  
  23  4:24  Marine x2  
  23  4:25  Supply Depot  
  25  4:42  Marine x2  
  27  4:48  Supply Depot  
  27  4:59  Marine  
  26  5:11  Starport Reactor  
  26  5:12  Armory  
  26  5:24  Starport Reactor  
  23  6:17  Terran Vehicle And Ship Armor Level 1  
  23  6:21  Viking x3  
  23  6:22  Viking  
  31  6:37  Marine  
  31  6:38  Marine  
  33  6:40  Barracks  
  33  6:45  Orbital Command  
  33  6:51  Viking x3  
  33  6:52  Viking  
  41  6:55  Marine x2  
  43  7:13  Marine x2  
  45  7:21  Viking  
  47  7:56  Supply Depot  
  47  8:11  Terran Vehicle Weapons Level 1  
  47  8:17  Marine x2  
  47  8:18  Viking x3  
  47  8:19  Supply Depot  
  55  8:40  Marine x2, Viking  
  59  8:41  Supply Depot  
  59  8:58  Marine x2  
  61  9:05  Engineering Bay  
  53  10:05  Terran Vehicle And Ship Armor Level 2  
  50  10:09  Marine x3  
  53  10:26  Marine, Viking  
  53  10:27  Marine x2, Viking x3  
  64  10:34  Terran Infantry Armor Level 1  
  64  10:44  Marine x2  
  64  10:45  Marine  
  67  10:56  Viking x2  
  71  11:00  Missile Turret  
  71  13:49  Neosteel Armor  
  71  15:29  Terran Infantry Weapons Level 1  
  71  16:51  Supply Depot  
  71  17:12  Marine x2, Viking x3  
  71  17:14  Supply Depot  
  79  17:23  Hi-Sec Auto Tracking  
  79  17:35  Marine, Viking  
  82  17:37  Supply Depot  
  82  17:42  Viking x2  
  86  17:53  Marine  
  87  17:58  Viking  
  87  18:00  Supply Depot  
  87  18:05  Viking  
  91  18:12  Viking x2  
  95  18:22  Supply Depot  
  95  18:28  Viking  
  97  18:35  Viking  
  92  18:46  Supply Depot  
  46  18:58  Viking  
  46  19:02  Viking x2  
  34  20:04  Viking  
  30  20:18  Refinery  
  30  22:09  Viking  
  2  25:00  Marine x3  
  5  25:17  Marine  
Tags
 
Add a new tag
Caveats
  • Supply blocks, unpowered buildings, or Contaminate may cause inaccurate times.
  • Supply counts are checked every 10 seconds.